 Dungeon Crawl Stone Soup version 0.28.0 (webtiles) character file.

Game seed: 2875326435397759020

787 Mitsuki the Firebug (level 7, -3/36 HPs)
             Began as a Deep Elf Fire Elementalist on Feb 8, 2022.
             Slain by a wraith (12 damage)
             ... on level 5 of the Dungeon.
             The game lasted 00:09:06 (6317 turns).

Mitsuki the Firebug (Deep Elf Fire Elementalist)    Turns: 6317, Time: 00:09:06

Health: -3/36      AC:  5    Str:  5    XL:     7   Next: 56%
Magic:  19/26      EV: 12    Int: 22    God:
Gold:   225        SH:  0    Dex: 15    Spells: 14/17 levels left

rFire   + + .      SeeInvis .   c - +0 short sword
rCold   + . .      Faith    .   (no shield)
rNeg    . . .      Spirit   .   k - +2 robe {rC+ rF+}
rPois   .          Reflect  .   (no helmet)
rElec   .          Harm     .   j - +0 cloak
rCorr   .          Rampage  .   (no gloves)
Will    .....                   (no boots)
Stlth   ++........              (no amulet)
HPRegen 0.12/turn               g - ring of magical power
MPRegen 0.20/turn               p - ring of protection from fire

@: slowed, very slow
A: no striking features
a: no special abilities


You were on level 5 of the Dungeon.
You visited 1 branch of the dungeon, and saw 5 of its levels.

You collected 225 gold pieces.

Inventory:

Hand Weapons
 c - a +0 short sword (weapon)
Armour
 j - a +0 cloak (worn)
 k - a +2 robe of resistance (worn)
 u - a +0 pair of gloves
 w - a +1 pair of boots
Magical Staves
 e - a staff of cold
Jewellery
 g - a ring of magical power (left hand)
 p - a ring of protection from fire (right hand)
Scrolls
 a - 4 scrolls of identify {unknown}
 b - a scroll of acquirement {unknown}
 d - a scroll of teleportation {unknown}
 i - a scroll of enchant armour {unknown}
 m - a scroll of magic mapping {unknown}
 q - 3 scrolls of vulnerability {unknown}
 r - a scroll of fear {unknown}
Potions
 f - 2 potions of berserk rage {unknown}
 h - 2 potions of mutation {unknown}
 l - a potion of curing {unknown}
 n - a potion of lignification {unknown}
 o - 4 potions of cancellation {unknown}
 s - a potion of brilliance {unknown}
 t - a potion of heal wounds {unknown}
 v - a potion of degeneration {unknown}
 x - 2 potions of ambrosia {unknown}


   Skills:
 - Level 2.4 Dodging
 - Level 2.4 Stealth
 - Level 5.6 Spellcasting
 + Level 4.8 Conjurations
 * Level 7.6 Fire Magic


You had 14 spell levels left.
You knew the following spells:

 Your Spells              Type           Power      Damage    Failure   Level
a - Foxfire               Conj/Fire      100%       2x1d9     1%          1
b - Scorch                Fire           78%        2d9       1%          2

Your spell library contained the following spells:

 Spells                   Type           Power      Damage    Failure   Level
 Conjure Flame            Conj/Fire      33%        6-21      2%          3
 Inner Flame              Hex/Fire       22%        N/A       6%          3
 Flame Wave               Conj/Fire      33%        2d8       8%          4
 Freeze                   Ice            24%        1d5       10%         1
 Frozen Ramparts          Ice            12%        1d3       28%         3
 Hailstorm                Conj/Ice       16%        3d6       34%         4


Dungeon Overview and Level Annotations

Branches:
Dungeon (5/15)
 Temple: D:4-7

Altars:
Zin

Shops:
D:3 *

Annotations:
D:5 Grinder


Message History

The foxfire hits the wraith!
The wraith is heavily damaged.
The wraith hits you!
* * * LOW HITPOINT WARNING * * *
The wraith drains your vigour!
You feel as though you will be slow longer.
The wraith closely misses you.
You take 10 damage, and have 9/36 hp.
MASSIVE DAMAGE!!
You now have 21/26 mp.
You are too injured to fight recklessly!
You are too injured to fight recklessly!
Casting: Foxfire (safe; 1% risk of failure)
Confirm with . or Enter, or press ? or * to list all spells.
You conjure some foxfire!
The foxfire hits the wraith.
The wraith is heavily damaged.
The wraith misses you.
Casting: Foxfire (safe; 1% risk of failure)
Confirm with . or Enter, or press ? or * to list all spells.
You conjure some foxfire!
The foxfire hits the wraith but does no damage.
The wraith is heavily damaged.
The foxfire hits the wraith but does no damage.
The wraith is heavily damaged.
The wraith hits you but does no damage. x2
You now have 20/26 mp.
Casting: Foxfire (safe; 1% risk of failure)
Confirm with . or Enter, or press ? or * to list all spells.
You conjure some foxfire!
The foxfire hits the wraith but does no damage.
The wraith is heavily damaged.
The wraith closely misses you.
You now have 19/26 mp.
Casting: Foxfire (safe; 1% risk of failure)
Confirm with . or Enter, or press ? or * to list all spells.
You conjure some foxfire!
The foxfire hits the wraith but does no damage.
The wraith is heavily damaged.
The foxfire hits the wraith.
The wraith is severely damaged.
The wraith hits you but does no damage. The wraith hits you!
You die...

#####.# #.##.# # #
#[###########.##.#
# #
#.............##.#
# #
#######.........##
.# ### #.#########
#.# ..# #.# .#.#
#.### #.# #.#.#
....# #.######
#.#.# ..#.#
#....§@## #.#.
#.#.# #.###§vW##
#.# #.#.# ...#
##.#.## #. #.#.##
#.### ##.#.## #
#....# #. ##.#.##
# #..#.# # ##.#.##
## .....####
##.#.## ##.
........# ##.#.##
##.# ####.##<#.#
##.#.## ##.#.


You could see a wraith (ally target).

Vanquished Creatures
  An ice beast (D:5)
  A phantom (D:2)
  2 scorpions
  A water moccasin skeleton (D:5)
  2 hounds (D:4)
  Terence (D:2)
  Jessica (D:2)
  Natasha (twice) (D:2)
  4 iguanas
  A scorpion zombie (D:5)
  7 adders
  A white imp (D:3)
  2 ufetubi
  An adder skeleton (D:4)
  A worm (D:2)
  7 dart slugs
  4 orcs
  5 ball pythons
  7 bats
  7 endoplasms
  2 giant cockroaches
  6 goblins
  8 hobgoblins
  2 quokkas
  A frilled lizard (D:2)
  6 kobolds
  8 rats
91 creatures vanquished.

Vanquished Creatures (others)
  514 foxfires
514 creatures vanquished.

Grand Total: 605 creatures vanquished

Notes
Turn   | Place    | Note
-------+----------+-------------------------------------------
     0 | D:1      | Mitsuki the Deep Elf Fire Elementalist began the quest for
                  | the Orb.
     0 | D:1      | Reached XP level 1. HP: 10/10 MP: 6/6
   216 | D:1      | Reached XP level 2. HP: 15/15 MP: 4/8
   695 | D:1      | Found a faded altar of an unknown god.
   904 | D:1      | Reached skill level 4 in Fire Magic
  1076 | D:1      | Reached XP level 3. HP: 19/19 MP: 6/10
  1300 | D:2      | Noticed Terence
  1312 | D:2      | Killed Terence
  1748 | D:2      | Noticed a phantom
  1752 | D:2      | Killed a phantom
  1753 | D:2      | Reached skill level 5 in Fire Magic
  1753 | D:2      | Reached XP level 4. HP: 24/24 MP: 3/12
  1753 | D:2      | Reached XP level 5. HP: 28/28 MP: 3/13
  2168 | D:2      | Noticed Jessica
  2184 | D:2      | Killed Jessica
  2873 | D:2      | Noticed Natasha
  2880 | D:2      | Killed Natasha
  3000 | D:2      | Noticed Natasha
  3006 | D:2      | Killed Natasha
  3581 | D:3      | Found Zin's Purification Station.
  3584 | D:3      | Found a glowing silver altar of Zin.
  3682 | D:3      | Reached XP level 6. HP: 32/32 MP: 15/15
  3867 | D:3      | Learned a level 2 spell: Scorch
  4454 | D:4      | Reached skill level 5 in Spellcasting
  4456 | D:4      | Reached skill level 6 in Fire Magic
  5428 | D:4      | Reached XP level 7. HP: 36/36 MP: 17/17
  5556 | D:5      | Entered Level 5 of the Dungeon
  5770 | D:5      | Noticed Grinder
  6079 | D:5      | Reached skill level 7 in Fire Magic
  6281 | D:5      | Noticed a wraith
  6317 | D:5      | Slain by a wraith

Illustrated notes

Levels and vault maps discovered:
D:1:      dpeg_arrival_fog, layout_loops_ring, ebering_ecumenical_altar_box
D:2:      layout_loops_corners, minmay_crystal_room, uniq_jessica, uniq_terence,
          uniq_natasha
D:3:      layout_basic, zin_purify, chequers_decorated_corner,
          kennysheep_another_room
D:4:      layout_cave_pods, grunt_ministairs_9, hangedman_abyss_or_decor_passed,
          dk_vineyard_3, minmay_surrounded
D:5:      minmay_inner_zag, layout_loops_ring, uniq_grinder

Skill      XL: |  1  2  3  4  5  6  7 |
---------------+----------------------+-----
Fire Magic     | 4 5 6 7 |  7.6
Conjurations   | 2 3 4 |  4.8
Spellcasting   | 4 5 |  5.6
Dodging        | |  2.4
Stealth        | |  2.4

Action                   |  1- 3 |  4- 6 |  7- 9 || total
-------------------------+-------+-------+-------++-------
Melee: Short sword       |    16 |     6 |     4 ||    26
       Punch             |       |       |     1 ||     1
 Cast: Foxfire           |    82 |   182 |    58 ||   322
 Stab: Sleeping          |     1 |     2 |     1 ||     4
Armor: Robe              |     5 |     4 |     4 ||    13
Dodge: Dodged            |    15 |    21 |    18 ||    54
